FIQ, neutral male gnomish Wizard -- .-- ..| --- ----.... |..--....| --..<...-- -- |........| --.--- --.--....---- |...|. | -- |.......-------.....--- .-- --....................--- ---- -- ...F---- |......(.----- ........- - |..| ...........--- |.--......| ..... |..----..---...............| |.||......-- -...| |........rG................| |.|----....--------^- e ---.....@.....-- --- -- |.| --............| -....%.|...-- |.-- ----...------- |.. --.------- |..| |...-- - - .. |..| |..%.- ...- ---- ---...- .... |..... ----- ------- FIQ the Thaumaturge Experience level: 6 Strength: 11 Dexterity: 14 Constitution: 13 Intelligence: 19 Wisdom: 9 Charisma: 11 Health: 0(48) Energy: 29(59) Def: 1 Gold: 321 Moves: 3377 Dungeon seed: B18hQJPQ6dqIchGp Game ID: FIQ_1448285024 Your Inventory: Coins $ - 321 gold pieces Weapons a - a blessed +1 quarterstaff (weapon in hands) Armor e - an uncursed +0 cloak of magic resistance y - an uncursed +0 cloak of displacement (being worn) Comestibles G - an uncursed food ration Scrolls i - an uncursed scroll of scare monster j - an uncursed scroll of remove curse A - a blessed scroll of enchant weapon B - an uncursed scroll of magic mapping C - an uncursed scroll of enchant armor F - an uncursed scroll of identify Spellbooks l - a blessed spellbook of force bolt m - an uncursed spellbook of create monster q - an uncursed spellbook of stone to flesh t - an uncursed spellbook of cure sickness Potions f - an uncursed potion of oil g - 2 uncursed potions of confusion h - a blessed potion of object detection o - an uncursed potion of water z - a cursed potion of confusion Rings c - an uncursed ring of slow digestion (on left hand) d - an uncursed ring of free action Wands b - a wand of speed monster (0:4) H - a wand of locking (0:4) Tools k - an uncursed skeleton key n - a magic marker (0:56) x - an uncursed figurine of a kobold zombie Gems r - an uncursed worthless piece of green glass Spells and supernatural/magical abilities: Name Level Category Fail Memory a - force bolt 1 attack 0% 84% K - cure sickness 3 healing 71% 91% O - create monster 2 clerical 37% 84% S - stone to flesh 3 healing 71% 89% W - pray for help -- divine ? -- Your skills at the end: Fighting Skills wands [Basic] Weapon Skills quarterstaff [Basic] Spellcasting Skills attack spells [Basic] enchantment spells [Basic] Final Attributes: You were piously aligned. You were telepathic. You had infravision. You were displaced. You had slower digestion. You are dead. Vanquished creatures: a mind flayer a small mimic a blue jelly 4 human zombies 2 fog clouds a shrieker a paper golem 2 floating eyes 2 kittens 3 homunculi 2 kobold shamans 2 dwarf zombies 2 wererats a werejackal an iguana 3 coyotes a gas spore 2 hobbits a giant rat a yellow mold a red mold a gnome a garter snake 2 gnome zombies 5 geckos 3 jackals 2 foxes 4 goblins 2 sewer rats 5 grid bugs 3 bats 4 lichens 3 kobold zombies 2 newts 72 creatures vanquished. Voluntary challenges: You used a wielded weapon 87 times, starting on turn 296. You read items or engraved 40 times, starting on turn 1105. You never genocided any monsters. You never polymorphed an object. You never changed form. You used no wishes. You never split a pudding. You wrote Elbereth's name 28 times, starting on turn 1180. You never violated your personal moral code. Dungeon overview: The Dungeons of Doom: levels 1 to 3 Level 1 some fountains a long staircase Level 2 Level 3 stairs to The Gnomish Mines The Gnomish Mines: levels 4 to 9 Level 4 stairs to The Dungeons of Doom Level 5 Level 6 Level 7 many shops, a temple to Anhur, some fountains, some trees Level 8 <- You were here Level 9 History has recorded: On T:1 you entered the Dungeons of Doom to retrieve the Amulet of Yendor! On T:545 you reached level 2 of The Dungeons of Doom. On T:693 you advanced to experience level 2. On T:925 you reached level 3 of The Dungeons of Doom. On T:948 you advanced to experience level 3. On T:1472 you reached level 1 of The Gnomish Mines. On T:1648 you advanced to experience level 4. On T:1805 you reached level 2 of The Gnomish Mines. On T:1994 you reached level 3 of The Gnomish Mines. On T:2586 you advanced to experience level 5. On T:2602 you reached level 4 of The Gnomish Mines. On T:2836 you advanced to experience level 6. On T:3135 you reached level 5 of The Gnomish Mines. On T:3205 you reached level 6 of The Gnomish Mines. Score breakdown: Gold: 321 ( 8530 points) Experience: 6 levels (12456 points) Exploration: 9 levels ( 18.75%) (12377 points) Discoveries: 7 items ( 2.41%) ( 4652 points) Valuables value: (no points given unless you survive) Artifact value: 0 ( 0 points) Variety of kills: 34 monsters ( 8.88%) ( 8938 points) Turncount: 3377 turns ( -774 points) Survival: died (score multiplied by 80%) Total score: 36943 Latest messages: You hit the rabid rat. The rabid rat bites! You die... Final status: Goodbye FIQ the Wizard, killed by a rabid rat... You died in The Gnomish Mines on dungeon level 8 with 36943 points, and 321 pieces of gold, after 3377 moves. You were level 6 with a maximum of 48 hit points when you died.